Cogmind - Beta 12 *** ADVENTURER MODE // 2023.10.22 @ 11:35:25 Player: Occam Result: Destroyed by DAS Turret with DAS Cannon Performance ------------- Evolutions (0) 0 Regions Visited (3) 600 Robots Destroyed (22) 110 Value Destroyed (446) 446 Prototype IDs (28) 560 Alien Tech Used (0) 0 Bonus (-171) -171 TOTAL SCORE: 1545 Bonus ------- Aligned with FarCom 300 Friendly Fire -471 Cogmind --------- Core Integrity 0/250 Matter 122/300 Energy 250/250 System Corruption 0% Temperature Cool (0) Movement Walking (120) Location -10/Exiles Parts ------- > --- POWER (1) -------- Ion Engine > --- PROPULSION (2) --- Advanced Myomer Leg Advanced Myomer Leg > --- UTILITY (2) ------ High-capacity Storage Unit Advanced Weapon Cycler > --- WEAPON (2) ------- Assault Rifle 8R-AWN's Boregun > --- INVENTORY (20) --- Improved Heat Sink Medium Storage Unit Large Storage Unit Large Matter Pod (0) Gravity Neutralizer Seismic Detector Experimental Targeting Computer Beam Cannon Beam Cannon Beam Cannon Firepult Assault Rifle Assault Rifle Grenade Launcher Rocket Launcher Peak State ------------ > --- POWER ------------ Ion Engine > --- PROPULSION ------- Advanced Myomer Leg Advanced Myomer Leg > --- UTILITY ---------- High-capacity Storage Unit Advanced Weapon Cycler > --- WEAPON ----------- Assault Rifle 8R-AWN's Boregun > --- INVENTORY -------- Improved Heat Sink Medium Storage Unit Large Storage Unit Large Matter Pod Gravity Neutralizer Seismic Detector Experimental Targeting Computer Beam Cannon Beam Cannon Beam Cannon Firepult Assault Rifle Assault Rifle Grenade Launcher Rocket Launcher [Rating: 41] Favorites ----------- Power Ion Engine Engine Ion Engine Propulsion Light Treads Treads Light Treads Leg Aluminum Leg Wheel Wheel Utility High-capacity Storage Unit Device Improved Heat Sink Storage High-capacity Storage Unit Processor Signal Interpreter Protection Light Armor Plating Weapon Beam Cannon Energy Gun EM Pulse Gun Energy Cannon Beam Cannon Ballistic Gun Assault Rifle Launcher Grenade Launcher Special Melee Weapon Datajack Build | -11 -10 -10 -10 ------- Run | Jun Mat Min Exi Slots Evolved . | . . . . Power . | . . . . Propulsion . | . . . . Utility . | . . . . Weapon . | . . . . Parts Attached 43 | 11 10 2 20 Power 4 | 2 . . 2 Engine 4 | 2 . . 2 Core . | . . . . Reactor . | . . . . Propulsion 10 | 4 2 . 4 Treads 4 | 1 2 . 1 Leg 4 | 2 . . 2 Wheel 2 | 1 . . 1 Hover . | . . . . Flight . | . . . . Utility 12 | 2 4 1 5 Device 6 | 1 2 . 3 Storage 4 | 1 2 . 1 Processor 1 | . . 1 . Hackware . | . . . . Protection 1 | . . . 1 Artifact . | . . . . Weapon 17 | 3 4 1 9 Energy Gun 1 | 1 . . . Energy Cannon 3 | . 3 . . Ballistic Gun 10 | 2 . . 8 Ballistic Cannon . | . . . . Launcher 2 | . . 1 1 Special Weapon . | . . . . Impact Weapon . | . . . . Slashing Weapon . | . . . . Piercing Weapon . | . . . . Special Melee Weapon 1 | . 1 . . Unidentified Prototypes 3 | . . . 3 Parts Lost 11 | . . . 11 Power 2 | . . . 2 Propulsion 4 | . . . 4 Utility 1 | . . . 1 Weapon 4 | . . . 4 Highest Loss Streak 8 | . . . 8 To Critical Strikes 8 | . . . 8 Average Slot Usage (%) 95 | . 99 100 88 Engine 14 | . 14 14 14 Treads 21 | . 16 28 22 Leg 5 | . 11 . 3 Device 9 | . 14 12 2 Storage 13 | . 14 14 13 Processor 4 | . . 1 10 Energy Cannon 13 | . 20 19 1 Ballistic Gun 3 | . 3 . 6 Launcher 5 | . . 8 10 Special Melee Weapon 1 | . 3 . . Naked Turns . | . . . . Heaviest Build 54 | 15 52 52 54 Greatest Support 72 | 20 40 40 72 Greatest Overweight (x) 2 | 1 1 1 2 Average Overweight (x) . | . . 1 . Largest Inventory Capacity 20 | 8 20 20 20 Average Capacity 18 | 6 16 20 19 Most Carried 20 | 6 20 20 20 Average Carried 16 | 4 16 19 14 Final Capacity 20 | 8 20 20 20 Final Carried 20 | 6 20 20 16 Class Distribution -------------------- 94% | Mutant 5% | Scavenger-Mutant Dominant Class ---------------- Mutant | -10/Materials Mutant | -10/Mines Mutant | -10/Exiles Resources | -11 -10 -10 -10 ----------- Run | Jun Mat Min Exi Matter Collected 849 | 219 303 68 259 Remotely . | . . . . Salvage Created 732 | 34 575 4 119 Parts 58 | 6 41 5 6 Haulers Intercepted 2 | . 2 . . Recyclers Shooed . | . . . . Parts Field Recycled . | . . . . Retrieved Matter . | . . . . Parts Self-Destructed . | . . . . Prevented . | . . . . Kills | -11 -10 -10 -10 ------- Run | Jun Mat Min Exi Combat Hostiles Destroyed 18 | . 11 2 5 Guns 4 | . 2 . 2 Cannons 8 | . 8 . . AOE 5 | . . 2 3 Classes Destroyed 7 | 1 5 . 1 Worker 1 | . 1 . . Tunneler 2 | 2 . . . Hauler 2 | . 2 . . Watcher 3 | . 3 . . Swarmer 5 | . 3 2 . Grunt 8 | . 8 . . Assembled 6 | . . . 6 Best Kill Streak 4 | 2 3 2 4 Combat Bots Only 4 | . 3 2 4 Max Kills in Single Turn 3 | 1 1 1 3 Gunslinging . | . . . . Exploded 3 | . . 1 3 Melee . | . . . . Uniques/NPCs Destroyed 1 | . . . 1 8R-AWN (-10/Exiles) Combat | -11 -10 -10 -10 -------- Run | Jun Mat Min Exi Damage Taken 1585 | . 244 51 1290 Core 255 | . 60 12 183 Absorbed by Shields . | . . . . Regen/Repaired (Parts) 44 | . 44 . . Core Remaining (%) 100 | 100 . . . Volleys Fired 108 | 3 32 3 70 Largest 2 | 2 2 1 2 Hottest 120 | 60 120 30 40 Shots Fired 203 | 6 56 3 138 Gun 148 | 6 6 . 136 Cannon 50 | . 50 . . Launcher 5 | . . 3 2 Special . | . . . . Kinetic 144 | 3 5 . 136 Thermal 50 | . 50 . . Explosive 5 | . . 3 2 Electromagnetic 4 | 3 1 . . Robot Hit Streak 42 | 5 13 15 42 Robot Miss Streak 2 | . 2 . 1 Penetration Max . | . . . . Secondary Targets . | . . . . Shots Hit Robots 182 | 5 45 2 130 Core Hits 53 | 2 17 4 30 Critical Kills 1 | . 1 . . Critical Parts Destroyed . | . . . . Critical Strikes 1 | . 1 . . Meltdown 1 | . 1 . . Melee Attacks 4 | . 4 . . Impact . | . . . . Slashing . | . . . . Piercing . | . . . . Sneak Attacks 4 | . 4 . . Combat Hostiles . | . . . . Follow-up Attacks . | . . . . Damage Inflicted 2821 | 68 765 253 1735 Guns 1456 | 68 72 . 1316 Cannons 688 | . 688 . . Explosions 662 | . . 243 419 Melee . | . . . . Ramming 15 | . 5 10 . Kinetic 1394 | 30 48 . 1316 Thermal 688 | . 688 . . Explosive 662 | . . 243 419 Electromagnetic 62 | 38 24 . . Impact . | . . . . Slashing . | . . . . Piercing . | . . . . Highest Corruption . | . . . . Average Corruption . | . . . . Corruption Purged . | . . . . Corruption Blocked . | . . . . Overload Shots . | . . . . Overflow Damage 60 | . 12 6 42 Projectiles 12 | . 12 . . Explosions 48 | . . 6 42 Melee . | . . . . Knockbacks . | . . . . Impact . | . . . . Kinetic . | . . . . Secondary . | . . . . Self-Inflicted Damage . | . . . . Shots . | . . . . Rammed 3 | . 1 2 . Targets Rammed 3 | . 1 2 . Kicked . | . . . . Crushed . | . . . . Highest Temperature 285 | . 285 . 12 Average Temperature 56 | . 69 . 5 Received Heat Transfer 156 | . 156 . . Effects 4 | . 4 . . Energy Bleed 1 | . 1 . . Interference 3 | . 3 . . Siege Activations . | . . . . Robots Corrupted . | . . . . Combat Hostiles . | . . . . Parts Fried . | . . . . Impact Corruptions . | . . . . Robots Melted 1 | . 1 . . Combat Hostiles 1 | . 1 . . Parts Melted 2 | . 2 . . Heat Transferred 1443 | . 1443 . . Parts Sabotaged . | . . . . Parts Stolen . | . . . . Parts Stripped . | . . . . Power Chain Reactions . | . . . . Missiles Intercepted . | . . . . Alert | -11 -10 -10 -10 ------- Run | Jun Mat Min Exi Peak Influence 151 | 10 151 76 . Initial 5 | . 5 . . Average 28 | 2 37 16 . Maximum Alert Level . | . . . . Low Security (%) 100 | 100 100 100 . Level 1 . | . . . . Level 2 . | . . . . Level 3 . | . . . . Level 4 . | . . . . Level 5 . | . . . . High Security . | . . . . Max Security . | . . . . Squads Dispatched 2 | . 2 . . Investigation 2 | . 2 . . Extermination . | . . . . Reinforcement . | . . . . Assault . | . . . . Garrison . | . . . . Intercept . | . . . . Searches Triggered . | . . . . Construction Impeded . | . . . . Haulers Reinforced . | . . . . Active Scanning Responses . | . . . . Cargo Convoy Interrupts . | . . . . Stealth | -11 -10 -10 -10 --------- Run | Jun Mat Min Exi Distress Signals . | . . . . Communications Jammed . | . . . . Distress Signals . | . . . . Times Spotted 29 | . 17 3 9 Peak Tracking Total 8 | . 3 3 8 Tactical Retreats 4 | . . 1 3 Traps | -11 -10 -10 -10 ------- Run | Jun Mat Min Exi Traps Triggered 1 | . 1 . . Indirectly . | . . . . Trap Hack Attempts . | . . . . Triggered . | . . . . Disarmed . | . . . . Reprogrammed . | . . . . Reused . | . . . . Traps Extracted . | . . . . Installed . | . . . . Triggered . | . . . . Machines | -11 -10 -10 -10 ---------- Run | Jun Mat Min Exi Machines Disabled 6 | . 3 . 3 Max in Single Turn 3 | . 1 . 3 Machines Repaired . | . . . . Machines Sabotaged . | . . . . Overloaded Fab Kills . | . . . . Hacking | -11 -10 -10 -10 --------- Run | Jun Mat Min Exi Machines Accessed 10 | . 9 . 1 Terminals 8 | . 8 . . Fabricators . | . . . . Repair Stations 1 | . 1 . . Recycling Units . | . . . . Scanalyzers . | . . . . Garrison Access . | . . . . Total Hacks 26 | . 25 . 1 Successful 16 | . 15 . 1 Failed 10 | . 10 . . Catastrophic 2 | . 2 . . Database Lockouts . | . . . . Manual 24 | . 23 . 1 Terminals 23 | . 23 . . Fabricators . | . . . . Repair Stations 2 | . 2 . . Recycling Units . | . . . . Scanalyzers . | . . . . Garrison Access . | . . . . Terminal Hacks 11 | . 10 . 1 Part Schematic 1 | . 1 . . Robot Analysis 4 | . 4 . . Prototype ID Bank 1 | . 1 . . Branch Access Points 1 | . 1 . . Terminal Index 1 | . 1 . . Locate Traps 1 | . 1 . . Registered Prototypes 1 | . 1 . . EX-Prototype ID Bank 1 | . . . 1 Fabricator Hacks . | . . . . Repair Station Hacks 2 | . 2 . . Scan Component 1 | . 1 . . Repair 1 | . 1 . . Recycling Unit Hacks . | . . . . Scanalyzer . | . . . . Garrison Access Hacks . | . . . . Unauthorized Hacks 3 | . 3 . . Terminals 3 | . 3 . . Botnet 3 | . 3 . . Fabricators . | . . . . Repair Stations . | . . . . Recycling Units . | . . . . Scanalyzers . | . . . . Garrison Access . | . . . . Data Cores Recovered . | . . . . Used . | . . . . Hacking Detections 7 | . 7 . . Full Trace Events 2 | . 2 . . Feedback Events . | . . . . Feedback Blocked . | . . . . Robot Schematics Acquired . | . . . . Robots Built . | . . . . Authchips . | . . . . Time . | . . . . Total Robot Build Rating . | . . . . Part Schematics Acquired 1 | . 1 . . Parts Built . | . . . . Authchips . | . . . . Time . | . . . . Total Part Build Rating . | . . . . Parts Repaired 1 | . 1 . . Time 26 | . 26 . . Parts Recycled . | . . . . Recycled Matter . | . . . . Retrieved Matter . | . . . . Retrieved Components . | . . . . Parts Scanalyzed . | . . . . Part Schematics Acquired . | . . . . Parts Damaged . | . . . . Bothacking | -11 -10 -10 -10 ------------ Run | Jun Mat Min Exi Used RIF Installer . | . . . . Robots Hacked 3 | . 3 . . Non-combat 3 | . 3 . . Combat . | . . . . Robot Hacks Applied 4 | . 4 . . parse_system 3 | . 3 . . no_distress 1 | . 1 . . Relay Couplers Released . | . . . . Fabnet Peak Effective % . | . . . . Robots Rewired . | . . . . Allies Hacked . | . . . . Hacks Repelled . | . . . . Allies | -11 -10 -10 -10 -------- Run | Jun Mat Min Exi Total Allies . | . . . . Largest Group . | . . . . Highest-Rated Group . | . . . . Highest-Rated Ally . | . . . . Total Orders . | . . . . Ally Attacks . | . . . . Total Damage . | . . . . Kills . | . . . . Allies Corrupted . | . . . . Allies Melted . | . . . . Intel | -11 -10 -10 -10 ------- Run | Jun Mat Min Exi Robot Analysis Total 4 | . 4 . . Derelict Logs Recovered 1 | . . 1 . Drone Launches . | . . . . Drone Recoveries . | . . . . Exploration | -11 -10 -10 -10 ------------- Run | Jun Mat Min Exi Turns Passed 5217 | 128 1918 1238 1933 Spaces Moved 2303 | 77 901 510 815 Core 12 | 2 . . 10 Treads 1592 | 18 466 510 598 Legs 694 | 52 435 . 207 Wheels 5 | 5 . . . Hover . | . . . . Flight . | . . . . Fastest Speed 50 | 50 120 240 120 Average Speed 207 | 129 195 240 208 Slowest Speed 240 | 190 240 240 240 Overloaded Moves . | . . . . Propulsion Burnouts . | . . . . Robots Hopped . | . . . . Cave-ins Triggered . | . . . . Exploration Rate (%) 72 | 5 98 98 90 Regions Visited 3 Branch Regions 2 Pre-discovered Areas . | . . . . Known Exits Taken 2 | . 1 1 . Unknown Exits Taken 1 | 1 . . . Scrap Searched 1 | . . 1 . Spaces Dug . | . . . . Terrain Destroyed 28 | . . 19 9 Melee . | . . . . Projectile . | . . . . AOE 28 | . . 19 9 Terrain Rammed . | . . . . Walls Destroyed . | . . . . Machines Disabled . | . . . . Actions | -11 -10 -10 -10 --------- Run | Jun Mat Min Exi Total 2542 | 95 999 520 928 Wait 23 | . 23 . . Move 2300 | 76 900 509 815 Hop . | . . . . Pick Up 34 | 3 18 2 11 Fast Attach 15 | 8 3 . 4 Attach 14 | 1 . . 13 Detach 8 | 2 2 . 4 Swap 14 | 2 7 2 3 Drop 19 | . 9 2 8 Fire 108 | 3 32 3 70 Melee 4 | . 4 . . Ram . | . . . . Kick . | . . . . Crush 3 | . 1 2 . Escape Stasis . | . . . . Rewire . | . . . . Trap . | . . . . Miscellaneous . | . . . . Route ------- -11/Junkyard -10/Materials (discovered 5 exits: *Mat x3 / *Min x2) -10/Mines (discovered 3 exits: *Mat x2 / *Exi) -10/Exiles (discovered 2 exits: [*Min x2]) History --------- Turn | Location | Event 16 | -11/Junkyard | Discovered new exit (range 15) 129 | -11/Junkyard | Entered Materials 273 | -10/Materials | Discovered new exit (range 15) 326 | -10/Materials | Build established: Mutant 385 | -10/Materials | Discovered new exit (range 3) 1022 | -10/Materials | Discovered new exit (range 15) 1199 | -10/Materials | Identified exit to Mines 1374 | -10/Materials | Discovered new exit (range 5) 2010 | -10/Materials | Repaired Beam Cannon 2047 | -10/Materials | Entered Mines 2051 | -10/Mines | Met a Derelict bent on vengeance 2508 | -10/Mines | Received a Rocket Launcher from a helpful Derelict 2565 | -10/Mines | Discovered new exit (range 5) 3106 | -10/Mines | Discovered new exit (range 7) 3124 | -10/Mines | Identified exit to Materials 3232 | -10/Mines | Identified exit to Exiles 3275 | -10/Mines | Deemed a non-threat by the Exiles lab entrance 3285 | -10/Mines | Entered Exiles 3350 | -10/Exiles | Met 8R-AWN 3429 | -10/Exiles | Discovered new exit (range 14) 3531 | -10/Exiles | Met EX-HEX 3603 | -10/Exiles | Met EX-BIN 3629 | -10/Exiles | Aligned with FarCom system 3632 | -10/Exiles | Given EX-Vault access code 3687 | -10/Exiles | Opened EX-Vault 3740 | -10/Exiles | Warned to stay clear of 0b10 Research branches 3819 | -10/Exiles | Met EX-DEC 3964 | -10/Exiles | Visited The Gauntlet 4174 | -10/Exiles | Discovered new exit (range 15) 4724 | -10/Exiles | Attacked by the Exiles 4878 | -10/Exiles | Lost 8 parts (2p2n1u3w) 4882 | -10/Exiles | Core integrity fell below 50% 4923 | -10/Exiles | Core integrity fell below 20% 4930 | -10/Exiles | Destroyed 8R-AWN 4949 | -10/Exiles | Lost 3 parts (2n1w) 4958 | -10/Exiles | Found Prototype Ballistic Gun 4958 | -10/Exiles | Identified 8R-AWN's Boregun 4969 | -10/Exiles | Found Prototype Processor 5163 | -10/Exiles | Found Firepult 5218 | -10/Exiles | Destroyed by DAS Turret with DAS Cannon Last Messages --------------- 04946_ Dropped Assault Rifle. 04950_ Acquired Prototype Leg. 04950_ Identified Adv. Myomer Leg. 04954_ Acquired Adv. Myomer Leg. 04958_ Acquired Prototype Ballistic Gun. 04958_ Identified 8R-AWN's Boregun. 04960_ Acquired Prototype Device. 04960_ Identified Gravity Neutralizer. 04966_ Acquired Assault Rifle. 04969_ Acquired Prototype Processor. 04971_ Acquired Adv. Weapon Cycler. 04974_ Acquired Imp. Heat Sink. 04978_ Acquired Lrg. Matter Pod. 05006_ Rigged Rnf. Deuterium Engine explodes. 05006_ Machine disabled. 05033_ Acquired Beam Cannon. 05037_ Acquired Seismic Detector. 05040_ Acquired Lrg. Storage Unit. 05042_ Acquired Med. Storage Unit. 05163_ Acquired Firepult. Map ----- +----------------------------------------------------+ | ??????????????????????#"###??# #?#"""""""#???? | | ?????????????????????????????# #?#"""""""#???? | | ?????????????????????????????# #?#"""""""#???? | | ????????????????????????????## ###"" """"#???? | | ###?????????????????????????#" """"#???? | | "#?????????????????????????#" """#???? | | "#?????????????????????????#" """#???? | | "#?????????????????????????#" """#???? | | ""#??????????########???????#" """#???? | | ""#??????????# """#???????#" """#???? | | ""#??????????#"" """#???????## """"???? | | ###??????????#"" #????????# """#???? | | #????????????#"" #????????#" "X" """"???? | | ##???????????#"" "#????????#" """ #???? | | "#???????????# ""#????????#" """""""""#???? | | ###?????????#"" ""#???????##" ###########???? | | ##????????### ###??????##"" #?????????????? | | ######???### ###?######"" #?????????????? | | """#####X# #"###""""""" ##????????????? | | """""" " "" ##???######### | | "" """ " #####""" """" | | # " " " "" "" | | ### " " | | ??### " | | ????## % | | ?????## @ | | ??????##" | | ???????#""" """""" | | ??????##" ######""" | | ??????#"" ""##????#####""" | | ?????##""" """##?????????##""" | | ?????#""" """##???????????#"""" | | ?????#""" ""#???????????#" | | ?????#"" ###?####?????#"""" | | ?????#""" ## ###???" | | ?????#"" """" | | ?????##"" | | ??????#"""" | | ??????## | | ???????#" " "" "" | | ???????#"""" ""## #??"" " "" | | ???????#"" ""###???????##" " """# | | ???????#" """"##???????????##""""##" # | | ???????#""" """#?????????????##???? ### | | ???????## ""##?????????????????? #??? | | ????????#"" """##???????????????????????? | | ????????##""" ##????????????????????????? | | ?????????##"""" ##?????????????????????????? | | ??????????### #??????????????????????????? | | ????????????##### ##??????????????????????????? | +----------------------------------------------------+ Best States ------------- Heat Dissipation 39 Energy Generation 10 Energy Capacity 250 Matter Stores 300 Matter Capacity 300 Sight Range 16 Terrain Scan Density 10 Additional Mass Support 12 Armor Coverage 150 Resistance: KI 20 Resistance: TH 20 Resistance: EX 20 Resistance: EM 20 Resistance: I 20 Resistance: S 20 Resistance: P 20 Weapon Cycling 25 Evasion (%) 55 Recoil Reduction 2 Offensive Hacking 10 Item Schematics ----------------- Huge Storage Unit | -10/Materials | Hacked Robot Schematics ------------------ None Fabricated ------------ Nothing Alien Tech Used ----------------- None Achievements -------------- None Challenges ------------ None Game ------ Seed LobotomyControlWand Manual? 0 Play Time 00:32:58 Cumulative 115.0 hours Start 2023.10.22 @ 10:45:37 End 2023.10.22 @ 11:35:25 Sessions 1 Manual Loads 0 Difficulty Adventurer Special Mode None Game No. 102 Rogue 0 Adventurer 102 Explorer 0 Win Type - Total 1 Types 1/0/0/0/0/0/0/0/0 Lore% 52 Gallery% 53 Achievement% 46 Wizard Run 0 Options --------- ASCII 0 Keyboard 0 Movement Mouse Keybinds 0 Fullscreen 2 Font 20/SmallcapsGlow Map View 66x50 Tactical HUD 1 Map Filters NONE Filters NONE Steam X RUN: d6edecff-2f53-4d35-a02c-bc878bdb51bc